 Dungeon Crawl Stone Soup version 0.29-a0-998-g1987434951 (webtiles) character file.

Game seed: 7705683175285550208

126 nicolae the Insei (level 5, 0/49 (60) HPs)
             Began as a Gnoll Transmuter on Aug 6, 2022.
             Slain by Edmund
             ... wielding a +6 dire flail of draining
              (6 damage)
             ... on level 4 of the Dungeon.
             The game lasted 00:05:41 (3502 turns).

nicolae the Insei (Gnoll Transmuter)                Turns: 3502, Time: 00:05:41

HP:   0/49 (60)     AC: 26    Str:  9    XL:     5   Next: 9%
MP:   7/12          EV:  2    Int: 18    God:
Gold: 139           SH:  0    Dex: 12    Spells: 4/14 levels left

rFire   . . .      SeeInvis .   t - +3 war axe of the Pariah {vorpal, rElec Int+3}
rCold   . . .      Faith    .   (no shield)
rNeg    . . .      Spirit   .   (body armour currently unavailable)
rPois   +          Reflect  .   (helmet currently unavailable)
rElec   +          Harm     .   (cloak currently unavailable)
rCorr   .          Rampage  .   (gloves currently unavailable)
Will    .....      NoTele   +   (boots currently unavailable)
Stlth   ++........              (no amulet)
HPRegen 0.16/turn               A - +4 ring of protection
MPRegen 0.13/turn               (no ring)

@: tree-form, wereblooded, very slightly contaminated, heavily drained
A: stationary, stasis, torment immunity, boosted hp, (fangs 1), strong nose,
distributed training
a: no special abilities


You were on level 4 of the Dungeon.
You were a tree.
You visited 1 branch of the dungeon, and saw 4 of its levels.

You collected 139 gold pieces.

Inventory:

Hand Weapons
 t - the +3 war axe of the Pariah (weapon) {vorpal, rElec Int+3}
   (You found it on level 3 of the Dungeon)

   It inflicts extra damage upon your enemies.
   Int:       It affects your intelligence (+3).
   rElec:     It insulates you from electricity.
Missiles
 d - 6 boomerangs
 x - 12 poisoned darts
 z - 5 javelins
Armour
 a - a +0 robe (melded)
 u - a scarf of resistance (melded)
 v - a +0 helmet (melded)
Jewellery
 A - a +4 ring of protection (left branch)
Wands
 w - a wand of mindburst (10)
 y - a wand of charming (14)
 B - a wand of polymorph (8)
Scrolls
 c - a scroll of amnesia {unknown}
 f - 2 scrolls of teleportation
 g - a scroll of poison {unknown}
 l - a scroll of immolation
 m - a scroll of enchant weapon
 o - a scroll of noise {unknown}
 q - a scroll of vulnerability
 r - 2 scrolls of torment
 s - a scroll of blinking {unknown}
Potions
 e - a potion of mutation
 h - a potion of curing
 i - 3 potions of cancellation
 j - a potion of magic
 k - a potion of flight {unknown}
 n - 2 potions of might
 p - a potion of resistance {unknown}


   Skills:
 + Level 2.9 Fighting
 + Level 1.4 Short Blades
 + Level 1.4 Long Blades
 + Level 1.4 Axes
 + Level 1.4 Maces & Flails
 + Level 1.4 Polearms
 + Level 1.4 Staves
 + Level 1.4 Ranged Weapons
 + Level 1.4 Throwing
 + Level 1.4 Armour
 + Level 4.7 Dodging
 + Level 1.4 Stealth
 + Level 1.4 Shields
 + Level 6.7 Unarmed Combat
 + Level 5.2 Spellcasting
 + Level 1.1 Conjurations
 + Level 1.1 Hexes
 + Level 1.1 Summonings
 + Level 1.1 Necromancy
 + Level 1.1 Translocations
 + Level 3.9 Transmutations
 + Level 1.1 Fire Magic
 + Level 1.1 Ice Magic
 + Level 1.1 Air Magic
 + Level 1.1 Earth Magic
 + Level 1.1 Poison Magic
 + Level 1.6 Invocations
 + Level 1.4 Evocations


You had 4 spell levels left.
You knew the following spells:

 Your Spells              Type           Power      Damage    Failure   Level
a - Beastly Appendage     Tmut           36%        N/A       2%          1
b - Wereblood             Tmut           18%        N/A       3%          2
c - Spider Form           Tmut/Pois      13%        N/A       14%         3
d - Ice Form              Ice/Tmut       13%        N/A       41%         4

Your spell library contained the following spells:

 Spells                   Type           Power      Damage    Failure   Level


Dungeon Overview and Level Annotations

Branches:
Dungeon (4/15)
 Temple: D:4-7

Altars:

Shops:
D:1 !   D:3 [

Annotations:
D:2 1 runed translucent door, Crazy Yiuf
D:4 Edmund


Innate Abilities, Weirdness & Mutations

You are a tree.
Your roots penetrate the ground, keeping you stationary.
You cannot be teleported.
You are immune to unholy pain and torment.
Your maximum health is greatly increased.
Your equipment is partially melded.
((You have very sharp teeth.))
Your uncanny sense of smell can sniff out nearby items.
Your experience applies equally to all skills.


Message History

Casting: Ice Form (extremely dangerous; 41% risk of failure)
Confirm with . or Enter, or press ? or * to list all spells.
Your blood is infused with primal strength.
You hit Edmund.
Edmund is lightly wounded.
Edmund closely misses you.
You closely miss Edmund.
Edmund is lightly wounded.
Edmund barely misses you.
A hobgoblin comes into view.
The hobgoblin shouts!
You hit Edmund.
Edmund is lightly wounded.
Edmund barely misses you.
Edmund hits you with a +6 dire flail of draining!
You feel drained.
You barely miss Edmund. You bite Edmund, but do no damage.
Edmund is lightly wounded.
Edmund hits you with a +6 dire flail of draining!
* * * LOW HITPOINT WARNING * * *
You feel drained.
* * * LOW HITPOINT WARNING * * *
Unknown command.
Okay, then.
You feel better. Edmund completely misses you.
Really quaff the potion of lignification?
You turn into a tree.
Your scarf of resistance melds into your body.
Your +0 helmet melds into your body.
Your +0 robe melds into your body.
You feel hot and cold all over.
Your roots penetrate the ground.
Edmund hits you but does no damage.
You feel drained.
You slash Edmund! You punch Edmund.
Edmund is heavily wounded.
Edmund hits you with a +6 dire flail of draining!
* * * LOW HITPOINT WARNING * * *
You feel drained.
* * * LOW HITPOINT WARNING * * *
The hobgoblin hits you but does no damage.
Edmund hits you with a +6 dire flail of draining.
You die...

# ...... #. .....
#.#+##.... .#######
#........# ......<#
#........# .#####.#
#........#
##.#####....@g..#
#...........♣.<.#
#..######.......#
.####..# #.......#
.......# #.......#
.####.########'######
......#....# #.#
####..#.##.# #.#
#....#.##.###.#
#.#.##.##.....#


You could see Edmund and a hobgoblin.

Vanquished Creatures
  An iguana (D:2)
  2 adders
  A worm (D:2)
  A dart slug (D:3)
  An orc (D:3)
  2 bats
  8 endoplasms
  8 giant cockroaches
  4 goblins
  7 hobgoblins
  9 jackals
  8 kobolds
  A quokka (D:3)
  7 ball pythons
  A frilled lizard (D:1)
  3 rats
64 creatures vanquished.

Notes
Turn   | Place    | Note
-------+----------+-------------------------------------------
     0 | D:1      | nicolae the Gnoll Transmuter began the quest for the Orb.
     0 | D:1      | Reached XP level 1. HP: 17/17 MP: 6/6
   222 | D:1      | Reached XP level 2. HP: 23/23 MP: 7/7
   366 | D:1      | Learned a level 2 spell: Wereblood
   681 | D:1      | Found Wyckym's Distillery.
   722 | D:1      | Found a faded altar of an unknown god.
   748 | D:1      | Reached skill level 5 in Spellcasting
   748 | D:1      | Reached XP level 3. HP: 28/28 MP: 6/9
  1008 | D:1      | Reached skill level 1 in Invocations
  1147 | D:1      | Learned a level 3 spell: Spider Form
  1436 | D:2      | Reached skill level 1 in Short Blades
  1436 | D:2      | Reached skill level 1 in Long Blades
  1436 | D:2      | Reached skill level 1 in Axes
  1436 | D:2      | Reached skill level 1 in Maces & Flails
  1436 | D:2      | Reached skill level 1 in Polearms
  1436 | D:2      | Reached skill level 1 in Staves
  1436 | D:2      | Reached skill level 1 in Ranged Weapons
  1436 | D:2      | Reached skill level 1 in Throwing
  1436 | D:2      | Reached skill level 1 in Armour
  1436 | D:2      | Reached skill level 1 in Stealth
  1436 | D:2      | Reached skill level 1 in Shields
  1436 | D:2      | Reached skill level 1 in Evocations
  1436 | D:2      | Reached XP level 4. HP: 27/34 MP: 9/11
  1584 | D:2      | Reached skill level 1 in Conjurations
  1584 | D:2      | Reached skill level 1 in Hexes
  1584 | D:2      | Reached skill level 1 in Summonings
  1584 | D:2      | Reached skill level 1 in Necromancy
  1584 | D:2      | Reached skill level 1 in Translocations
  1584 | D:2      | Reached skill level 1 in Fire Magic
  1584 | D:2      | Reached skill level 1 in Ice Magic
  1584 | D:2      | Reached skill level 1 in Air Magic
  1584 | D:2      | Reached skill level 1 in Earth Magic
  1584 | D:2      | Reached skill level 1 in Poison Magic
  1618 | D:2      | Found a runed translucent door.
  1619 | D:2      | Noticed Crazy Yiuf
  2852 | D:3      | Identified the +3 war axe of the Pariah {vorpal, rElec
                  | Int+3}
  2949 | D:3      | Learned a level 4 spell: Ice Form
  3010 | D:3      | Identified the +6 sling of Plague {flame, Str+6}
  3018 | D:3      | Found Alodang's Antique Armour Shoppe.
  3212 | D:3      | Reached XP level 5. HP: 40/40 MP: 12/12
  3491 | D:4      | Noticed Edmund
  3502 | D:4      | Slain by Edmund

Illustrated notes

Levels and vault maps discovered:
D:1:      roderic_dead_forest, layout_basic, serial_shops,
          nicolae_shop_advertising_works [nicolae_subvault_shop_adworks],
          hellmonk_ecumenical_altar_heavens_door
D:2:      layout_basic, dk_noncrumbling_3, uniq_crazy_yiuf_cottage
D:3:      layout_basic, serial_shops, shop
D:4:      layout_basic, cheibrodos_sewer_entry_sluice, uniq_blork_the_orc,
          uniq_grinder, uniq_edmund

Skill      XL: |  1  2  3  4 |
---------------+-------------+-----
Spellcasting   | 5 |  5.2
Invocations    | 1 |  1.6
Short Blades   | 1 |  1.4
Long Blades    | 1 |  1.4
Axes           | 1 |  1.4
Maces & Flails | 1 |  1.4
Polearms       | 1 |  1.4
Staves         | 1 |  1.4
Ranged Weapons | 1 |  1.4
Throwing       | 1 |  1.4
Armour         | 1 |  1.4
Stealth        | 1 |  1.4
Shields        | 1 |  1.4
Evocations     | 1 |  1.4
Conjurations   | 1 |  1.1
Hexes          | 1 |  1.1
Summonings     | 1 |  1.1
Necromancy     | 1 |  1.1
Translocations | 1 |  1.1
Fire Magic     | 1 |  1.1
Ice Magic      | 1 |  1.1
Air Magic      | 1 |  1.1
Earth Magic    | 1 |  1.1
Poison Magic   | 1 |  1.1
Fighting       | |  2.9
Dodging        | |  4.7
Unarmed Combat | |  6.7
Transmutations | |  3.9

Action                   |  1- 3 |  4- 6 || total
-------------------------+-------+-------++-------
Melee: Unarmed           |    78 |    31 ||   109
       Kick              |    18 |     4 ||    22
       Headbutt          |     6 |     2 ||     8
       Bite              |     5 |     3 ||     8
       Punch             |     1 |     2 ||     3
       War axe           |       |    35 ||    35
 Cast: Beastly Appendage |    20 |    11 ||    31
       Wereblood         |       |     1 ||     1
  Use: Scroll            |       |    10 ||    10
       Potion            |       |     2 ||     2
 Stab: Sleeping          |     2 |     1 ||     3
Armor: Robe              |    12 |     7 ||    19
       Skin              |       |     2 ||     2
Dodge: Dodged            |    31 |    47 ||    78

Table legend: (Time is in decaauts)
 A = Elapsed time spent in this place.
 B = Non-inter-level travel time spent in this place.
 C = Inter-level travel time spent in this place.
 D = Time resting spent in this place.
 E = Time spent auto-exploring this place.
 F = Levels seen in this place.
 G = Mean time per level.
                   A        B        C        D        E       F      G
               +--------+--------+--------+--------+--------+-----+--------+
         Total |   3503 |   3264 |    239 |    501 |   2306 |   4 |  875.8 |
       Dungeon |   3503 |   3264 |    239 |    501 |   2306 |   4 |  875.8 |
               +--------+--------+--------+--------+--------+-----+--------+

Top non-repeatable levels by time:
     D:1: 1845 daAuts
     D:2: 956 daAuts
     D:3: 637 daAuts
     D:4: 64 daAuts
